montu, chaotic male human Wizard ----------- ----------- |...`|``..--- |.........| |....|.....>| |.........| |.........--- |.........| |....|....| |....<....| |-%--------- |.........| |..`.|.....| |.....$...| |....|.....| |......n[.| |..........| |.......@%| |`...|.....----------------[| |..%.|......................| ----------------------------- montu the Thaumaturge Experience level: 8 Strength: 10 Dexterity: 16 Constitution: 14 Intelligence: 18 Wisdom: 13 Charisma: 10 Health: 49(85) Energy: 11(80) Def: 2 Gold: 35 Moves: 7071 Dungeon seed: 9k7cKLDWHS_Cj_Zb Game ID: montu_1704402382 Your Inventory: Coins $ - 35 gold pieces Amulets t - an uncursed amulet of ESP (being worn) Weapons a - a blessed +1 quarterstaff (weapon in hands) Armor y - an uncursed +0 leather armor (being worn) Comestibles O - 3 uncursed food rations Q - an uncursed pancake Scrolls i - an uncursed scroll of confuse monster j - an uncursed scroll of stinking cloud m - an uncursed scroll of fire s - an uncursed scroll of light w - an uncursed scroll of summoning B - an uncursed scroll of remove curse I - 3 uncursed scrolls of earth S - 2 uncursed scrolls of taming Rings d - a cursed ring of hunger l - an uncursed ring of free action v - an uncursed ring of free action D - an uncursed ring of aggravate monster E - an uncursed ring of levitation Wands b - an uncursed wand of striking (0:0) c - an uncursed wand of light (0:15) o - an uncursed wand of striking (0:4) J - an uncursed wand of digging (0:3) L - an uncursed wand of summoning (0:5) P - an uncursed wand of teleportation (0:1) Tools f - an uncursed mirror h - an uncursed blindfold q - an uncursed mirror u - an uncursed +0 unicorn horn x - an uncursed crystal ball (0:4) M - 5 uncursed tallow candles (0:200) Gems n - an uncursed worthless piece of yellowish brown glass r - 2 uncursed diamonds z - an uncursed luckstone N - an uncursed worthless piece of blue glass Spells and supernatural/magical abilities: Name Level Category Cost Memory a - force bolt 1 attack 5pw 89% l - light 1 divination 12pw 89% m - magic missile 2 attack 10pw 89% n - detect monsters 1 divination 12pw 95% s - slow monster 2 enchantment 16pw 89% v - clairvoyance 3 divination 37pw 98% C - cancellation 5 matter 62pw 97% V - teleportitis -- ability ? -- W - pray for help -- divine ? -- Your skills at the end: Fighting Skills wands [Basic] Weapon Skills quarterstaff [Skilled] Spellcasting Skills attack spells [Expert] enchantment spells [Basic] Final Attributes: You were piously aligned. You were fire resistant. You were cold resistant. You were poison resistant. You were strongly telepathic. You could teleport at will. You were lucky. You had extra luck. Bad luck did not time out for you. Good luck did not time out for you. You last prayed 1951 turns ago. Anhur was noncommittal. You are dead. Vanquished creatures: 2 leocrottas an ettin zombie a leather golem a quivering blob a wolf a spotted jelly 21 leprechauns 3 horses a yeti a gold golem a dog a dwarf lord 2 blue jellies a gray unicorn 3 human zombies a rope golem a bugbear 3 wood nymphs a mountain nymph 9 Mordor orcs 11 Uruk-hai 3 rock piercers a pony 2 fog clouds a violet fungus a red naga hatchling 3 gray oozes 4 elf zombies a giant ant a kitten a homunculus a kobold shaman 6 hill orcs 3 rothes a giant bat an orc zombie 3 iguanas an acid blob 2 coyotes a large kobold a hobgoblin a giant rat 6 cave spiders a brown mold 3 yellow molds a gnome 2 garter snakes a gnome zombie 11 jackals 3 foxes a kobold a goblin 8 grid bugs 5 bats 7 lichens 2 kobold zombies 6 newts 164 creatures vanquished. Voluntary challenges: You had been an atheist until turn 2730. You used a wielded weapon 188 times, starting on turn 68. You read items or engraved 57 times, starting on turn 3825. You never genocided any monsters. You never polymorphed an object. You never changed form. You used no wishes. You never split a pudding. You wrote Elbereth's name 5 times, starting on turn 5093. You never violated your personal moral code. Dungeon overview: The Dungeons of Doom: levels 1 to 8 Level 1 a long staircase Level 2 a fountain Level 3 a long staircase Level 4 Level 5 Level 6 a fountain Level 7 many fountains Level 8 an altar to Ptah stairs to Sokoban Sokoban: levels 6 to 7 Level 6 <- You were here Solved Level 7 Solved stairs to The Dungeons of Doom History has recorded: On T:1 you entered the Dungeons of Doom to retrieve the Amulet of Yendor! On T:388 you reached level 2 of The Dungeons of Doom. On T:798 you advanced to experience level 2. On T:1079 you reached level 3 of The Dungeons of Doom. On T:1169 you advanced to experience level 3. On T:1671 you reached level 4 of The Dungeons of Doom. On T:2059 you reached level 5 of The Dungeons of Doom. On T:2150 you advanced to experience level 4. On T:2473 you reached level 6 of The Dungeons of Doom. On T:2733 you advanced to experience level 5. On T:2753 you reached level 7 of The Dungeons of Doom. On T:2867 you advanced to experience level 6. On T:3498 you advanced to experience level 7. On T:4645 you advanced to experience level 8. On T:4984 you reached level 8 of The Dungeons of Doom. On T:5656 you reached level 4 of Sokoban. On T:6265 you reached level 3 of Sokoban. Score breakdown: Gold: 35 ( 5294 points) Experience: 8 levels (14739 points) Exploration: 8 levels ( 16.67%) (11577 points) Discoveries: 12 items ( 4.03%) ( 6020 points) Valuables value: (no points given unless you survive) Artifact value: 0 ( 0 points) Variety of kills: 57 monsters ( 15.00%) (11618 points) Turncount: 7071 turns (-1866 points) Survival: died (score multiplied by 80%) Total score: 37905 Latest messages: The large cat disappears in a puff of logic. You resume your meal. The mountain nymph picks up a few items from the floor. You stop eating. [2 turns] You hit the mountain nymph! The mountain nymph pretends to be friendly. (2x) You hit the mountain nymph! The mountain nymph stole an uncursed scroll labeled DAIYEN FOOELS. A mysterious force prevents the mountain nymph from teleporting! You hit the mountain nymph. The mountain nymph drinks a potion of healing! The mountain nymph looks better. You hit the mountain nymph. The beautiful mountain nymph seduces you and you take off your cloak. She stole an uncursed +0 cloak of magic resistance. A mysterious force prevents the mountain nymph from teleporting! You hit the mountain nymph! The mountain nymph stole an uncursed oak wand. A mysterious force prevents the mountain nymph from teleporting! You hit the mountain nymph. The mountain nymph zaps an uncursed oak wand! The death ray hits you! Final status: Goodbye montu the Wizard, killed by a death ray... You died in Sokoban on dungeon level 6 with 37905 points, and 35 pieces of gold, after 7071 moves. You were level 8 with a maximum of 85 hit points when you died.